 Dungeon Crawl Stone Soup version 0.30.0-5-g1a98f26d00 (webtiles) character file.

Game seed: 11174566583701424099

277 BillyBaka the Cutter (level 6, -5/32 HPs)
             Began as a Vine Stalker Monk on May 10, 2023.
             Slain by a gnoll bouda
             ... wielding a +0 whip
              (10 damage)
             ... on level 4 of the Dungeon.
             The game lasted 00:14:03 (2300 turns).

BillyBaka the Cutter (Vine Stalker Monk)            Turns: 2300, Time: 00:14:05

Health: -5/32      AC:  3    Str: 14    XL:     6   Next: 26%
Magic:  0/7        EV: 13    Int: 10    God:
Gold:   60         SH:  0    Dex: 18    Spells: 5/5 levels left

rFire   . . .        b - +2 dagger (pain)
rCold   . . .        d - orb {light}
rNeg    + . .        g - +0 robe
rPois   .            (no helmet)
rElec   .            u - +0 cloak
rCorr   .            (no gloves)
SInv    .            (no boots)
Will    .....        (no amulet)
Stlth   +            h - ring of positive energy
HPRegen 1.05/turn    (no ring)
MPRegen 0.10/turn

%: guardian spirit
@: glowing
A: fangs 2, regeneration 1, magic shield, antimagic bite, no potion heal 2
a: no special abilities


You were on level 4 of the Dungeon.
You visited 1 branch of the dungeon, and saw 4 of its levels.

You collected 144 gold pieces.
You spent 84 gold pieces at shops.

Inventory:

Hand Weapons
 a - a +2 sling of freezing
 b - a +2 dagger of pain (weapon)
 s - a +0 rapier
Armour
 d - an orb of light (worn)
 g - a +0 robe (worn)
 u - a +0 cloak (worn)
Jewellery
 h - a ring of positive energy (left hand)
Wands
 q - a wand of flame (22)
Scrolls
 f - 2 scrolls of fear
 j - a scroll of immolation
 l - 2 scrolls of blinking
 n - a scroll of noise
Potions
 c - 2 potions of ambrosia
 i - a potion of heal wounds {unknown}
 k - a potion of brilliance
 m - a potion of degeneration {unknown}
 o - a potion of flight {unknown}
 p - a potion of haste {unknown}
 t - a potion of might


   Skills:
 + Level 3.4 Fighting
 + Level 3.7 Short Blades
 * Level 2.6 Ranged Weapons
 + Level 3.2 Dodging
 + Level 2.8 Stealth


You had 5 spell levels left.
You didn't know any spells.
Your spell library contained the following spells:

 Spells                   Type           Power      Damage    Failure   Level
 Necrotise                Necr           0%         1d4       36%         1
 Sting                    Tmut/Pois      0%         1d3       36%         1
 Poisonous Vapours        Pois/Air       0%         N/A       50%         2
 Mephitic Cloud           Conj/Pois/Air  0%         N/A       75%         3
 Vampiric Draining        Necr           0%         2d6       75%         3
 Olgreb's Toxic Radiance  Pois           0%         N/A       98%         4
 Agony                    Necr           0%         N/A       100%        5
 Freezing Cloud           Conj/Ice/Air   0%         6-21      100%        5


Dungeon Overview and Level Annotations

Branches:
Dungeon (4/15)
 Temple: D:4-7

Altars:
Ashenzari

Shops:
D:3 ?


Innate Abilities, Weirdness & Mutations

You have extremely sharp teeth.
Your natural rate of healing is unusually fast.
When hurt, damage is shared between your health and your magic reserves.
Your bite disrupts and absorbs the magic of your enemies.
Potions cannot restore your health.


Message History

The gnoll hits you with a +0 flail!
You hit the gnoll but do no damage. You bite the gnoll. You drain its power.
You feel invigorated.
The gnoll is heavily wounded.
The gnoll bouda gazes fiercely through you!
You feel your attacks grow feeble. The gnoll completely misses you.
You hit the gnoll but do no damage.
The gnoll is heavily wounded.
The gnoll hits you with a +0 flail. The gnoll closely misses you.
You hit the gnoll.
The gnoll is heavily wounded.
The gnoll barely misses you.
You hit the gnoll. Your bite misses the gnoll.
The gnoll is severely wounded.
The gnoll closely misses you.
You hit the gnoll.
You kill the gnoll!
The gnoll bouda hits you with a +0 whip!
The gnoll hits you from afar with a +0 spear.
You hit the gnoll bouda but do no damage.
The gnoll bouda barely misses you.
You hit the gnoll bouda. You bite the gnoll bouda. You drain its power.
You feel invigorated.
The gnoll bouda is lightly wounded.
The gnoll hits you from afar with a +0 spear!
The gnoll bouda hits you with a +0 whip.
You barely miss the gnoll bouda.
You bite the gnoll bouda, but do no damage.
The gnoll bouda is lightly wounded.
The gnoll hits you but does no damage.
The gnoll bouda hits you with a +0 whip.
You hit the gnoll bouda. You bite the gnoll bouda. You drain its power.
You feel invigorated.
The gnoll bouda is moderately wounded.
Your attacks no longer feel as feeble.
The gnoll hits you from afar with a +0 spear!
* * * LOW HITPOINT WARNING * * *
The gnoll bouda hits you with a +0 whip!
You die...

#.###..
...#..#
#.....#
#.....#
#....##
#.....#
###...#
#.gg.##
#.....#@)#
##.g###..###
....
##...###.# .##
##........ .
###..###.###
....###.#...##
#
.......<.....#
....##...##.##
. #...# .#


You could see a gnoll bouda and a gnoll (swift).

Vanquished Creatures
  An orc priest (D:3)
  Ijyb (D:3)
  7 gnolls
  7 adders
  2 worms
  5 orcs (D:3)
  5 endoplasms
  2 giant cockroaches
  4 hobgoblins
  3 jackals (D:3)
  3 quokkas
  8 ball pythons
  6 bats
  4 frilled lizards
  12 goblins
  10 kobolds
  5 rats
85 creatures vanquished.

Notes
Turn   | Place    | Note
-------+----------+-------------------------------------------
     0 | D:1      | BillyBaka the Vine Stalker Monk began the quest for the
                  | Orb.
     0 | D:1      | Reached XP level 1. HP: 11/11 MP: 2/2
   159 | D:1      | Reached XP level 2. HP: 16/16 MP: 3/3
   206 | D:1      | Reached skill level 1 in Stealth
   469 | D:1      | Reached XP level 3. HP: 19/19 MP: 4/4
   515 | D:1      | Found a faded altar of an unknown god.
   858 | D:2      | Reached skill level 1 in Ranged Weapons
   919 | D:2      | Gained mutation: Your natural rate of healing is unusually
                  | fast. [Vine Stalker growth]
   919 | D:2      | Reached XP level 4. HP: 24/24 MP: 5/5
  1486 | D:3      | Reached XP level 5. HP: 22/28 MP: 2/6
  1650 | D:3      | Noticed Ijyb
  1666 | D:3      | Killed Ijyb
  1945 | D:3      | Reached XP level 6. HP: 32/32 MP: 7/7
  2146 | D:3      | Found Ubbuos's Magic Scroll Shoppe.
  2151 | D:3      | Bought a scroll of identify for 28 gold pieces
  2151 | D:3      | Bought a scroll of identify for 28 gold pieces
  2151 | D:3      | Bought a scroll of identify for 28 gold pieces
  2165 | D:3      | Found a broken altar of Ashenzari.
  2300 | D:4      | Slain by a gnoll bouda

Illustrated notes

Levels and vault maps discovered:
D:1:      dpeg_arrival_tiny_a, layout_loops_cross, basic_ecumenical_altar,
          minmay_tetromino_o4
D:2:      layout_basic
D:3:      layout_loops_corners, mainiacjoe_overflow_alcove_2, serial_shops,
          shop, kennysheep_generic_room_4, uniq_ijyb
D:4:      layout_cave_pools, nicolae_vehumet_altar_sigil, minmay_checkerbox

Skill      XL: |  1  2  3  4  5 |
---------------+----------------+-----
Short Blades   | 3 |  3.7
Stealth        | 1 2 |  2.8
Fighting       | 3 |  3.4
Ranged Weapons | 1 2 |  2.6
Dodging        | 3 |  3.2

Action                     |  1- 3 |  4- 6 || total
---------------------------+-------+-------++-------
  Melee: Short sword       |    15 |       ||    15
         Dagger            |    20 |    60 ||    80
         Bite              |     5 |    20 ||    25
   Fire: Sling             |    42 |    94 ||   136
    Use: Scroll            |       |     6 ||     6
 Armour: Robe              |     6 |     9 ||    15
  Dodge: Dodged            |    15 |    35 ||    50
